 Dungeon Crawl Stone Soup version 0.30-a0-394-g3e4acdb0ae (webtiles) character file.

Game seed: 1320600195589680758

4505 NinjaNoafa the Cleaver (level 10, -3/83 HPs)
             Began as a Hill Orc Monk on Dec 6, 2022.
             Was an Elder of Okawaru.
             Slain by an orc knight
             ... wielding a +0 war axe
              (17 damage)
             ... in a bailey.
             The game lasted 00:15:27 (8521 turns).

NinjaNoafa the Cleaver (Hill Orc Monk)              Turns: 8521, Time: 00:15:28

Health: -3/83      AC: 17    Str: 19    XL:     10   Next: 39%
Magic:  13/15      EV: 14    Int: 10    God:    Okawaru [****..]
Gold:   459        SH:  5    Dex: 13    Spells: 9/9 levels left

rFire   + . .      SeeInvis .    a - +4 battleaxe
rCold   . . .      Faith    .    (shield currently unavailable)
rNeg    . . .      Spirit   .    O - +3 ring mail {rF+}
rPois   +          Reflect  +    (no helmet)
rElec   .          Harm     .    J - +0 cloak
rCorr   .          Rampage  .    f - +0 pair of gloves
Will    .....                    (no boots)
Stlth   +++.......               s - amulet of reflection
HPRegen 0.33/turn                D - ring of poison resistance
MPRegen 0.14/turn                t - +4 ring of protection

@: heroic
A: no striking features
a: Renounce Religion, Heroism, Finesse


You were in a bailey.
You worshipped Okawaru.
Okawaru was greatly pleased with you.
You visited 2 branches of the dungeon, and saw 9 of its levels.
You also visited: Ossuary and Bailey.

You collected 459 gold pieces.

Inventory:

Hand Weapons
 a - a +4 battleaxe (weapon)
 N - a +0 hand axe of flaming
Missiles
 h - 10 poisoned darts
 i - 99 stones
 x - 4 boomerangs (quivered)
 y - 2 silver boomerangs
Armour
 f - a +0 pair of gloves (worn)
 J - a +0 cloak (worn)
 O - a +3 ring mail of fire resistance (worn)
Jewellery
 b - a ring of magical power
 e - a ring of protection from cold
 s - an amulet of reflection (around neck)
 t - a +4 ring of protection (right hand)
 u - a ring of see invisible
 A - a ring of positive energy
 D - a ring of poison resistance (left hand)
Wands
 E - a wand of flame (15)
 M - a wand of quicksilver (3)
Scrolls
 d - a scroll of identify
 j - 4 scrolls of blinking
 k - 4 scrolls of teleportation
 l - 3 scrolls of silence
 p - 2 scrolls of immolation {unknown}
 r - 4 scrolls of poison {unknown}
 v - a scroll of noise {unknown}
 w - 3 scrolls of amnesia
 C - 2 scrolls of vulnerability {unknown}
 I - a scroll of fear {unknown}
 L - a scroll of butterflies {unknown}
Potions
 c - a potion of degeneration
 g - a potion of attraction
 m - 3 potions of lignification
 n - a potion of might
 o - a potion of curing
 q - 2 potions of heal wounds
 z - a potion of brilliance
 F - a potion of berserk rage
 G - a potion of resistance
 H - 2 potions of haste {unknown}
 K - 2 potions of flight {unknown}


   Skills:
 + Level 6.1(11.1) Fighting
 + Level 11.1(16.1) Axes
 + Level 5.0(10.0) Throwing
 + Level 6.1(11.1) Armour
 + Level 4.0(9.0) Dodging
 - Level 1.5(6.5) Stealth
 + Level 7.3 Invocations
 + Level 5.0 Evocations


You had 9 spell levels left.
You didn't know any spells.
Your spell library contained the following spells:

 Spells                   Type           Power      Damage    Failure   Level
 Apportation              Tloc           0%         N/A       50%         1
 Magic Dart               Conj           0%         1d3       50%         1
 Necrotise                Necr           0%         1d4       50%         1
 Cigotuvi's Dreadful Rot  Necr/Pois/Air  0%         N/A       65%         2
 Poisonous Vapours        Pois/Air       0%         N/A       65%         2
 Searing Ray              Conj           0%         2d4       65%         2
 Mephitic Cloud           Conj/Pois/Air  0%         N/A       86%         3
 Fulminant Prism          Conj/Hex       0%         3d5       99%         4
 Orb of Destruction       Conj           0%         9d5       100%        7
 Summon Small Mammal      Summ           Unusable   N/A       N/A         1
 Summon Guardian Golem    Hex/Summ       Unusable   N/A       N/A         3
 Spellforged Servitor     Conj/Summ      Unusable   N/A       N/A         7

Dungeon Overview and Level Annotations

Branches:
Dungeon (8/15)             Temple (1/1) D:6         Ossuary (visited)
 Bailey (1/1)
   Lair: D:8-11

Altars:
Ashenzari
Cheibriados
Dithmenos
Elyvilon
Fedhas
Gozag
Hepliaklqana
Kikubaaqudgha
Makhleb
Nemelex Xobeh
Okawaru
Qazlal
Ru
Sif Muna
Trog
Uskayaw
Vehumet
Wu Jian
Xom
Yredelemnul
Zin
The Shining One

Shops:
D:6 :

Annotations:
D:8 1 runed translucent door, SirDiesAlot's ghost, novice DgSu


Message History

The orc knight is heavily wounded.
You block the orc knight's attack.
You slash the orc knight!
The orc knight is severely wounded.
The orc knight hits you with a +0 war axe!
You hit the orc knight but do no damage.
The orc knight is severely wounded.
The orc knight hits you with a +0 war axe!!
* * * LOW HITPOINT WARNING * * *
Aiming: Throw Flame
Press: ? - help, Shift-Dir - straight line, f/p - orc knight
Aim: an orc knight, wielding a +0 war axe and wearing a +0 ring mail (severely wounded, 67% to hit)
The puff of flame hits the orc knight.
The orc knight is severely wounded.
The orc knight hits you with a +0 war axe!
* * * LOW HITPOINT WARNING * * *
You feel much better.
The orc knight hits you but does no damage.
You barely miss the orc knight.
The orc knight is severely wounded.
The orc knight hits you with a +0 war axe!
The orc knight hits you with a +0 war axe.
* * * LOW HITPOINT WARNING * * *
The orc knight hits you but does no damage.
Throw: 4 boomerangs
Press: ? - help, Q - select action, (/) - cycle Shift-Dir - straight line, f/p - orc knight
Aim: an orc knight, wielding a +0 war axe and wearing a +0 ring mail (severely wounded, 56% to hit)
You throw a boomerang.
The boomerang hits the orc knight but does no damage.
The orc knight is severely wounded.
The orc knight barely misses you.
Aiming: Throw Flame
Press: ? - help, Shift-Dir - straight line, f/p - orc knight
Aim: an orc knight, wielding a +0 war axe and wearing a +0 ring mail (severely wounded, 67% to hit)
The puff of flame misses the orc knight.
The orc knight hits you with a +0 war axe!
* * * LOW HITPOINT WARNING * * *
You gain the combat prowess of a mighty hero.
The orc knight hits you with a +0 war axe!
You die...

#######################
≈≈≈≈≈≈≈≈≈≈≈≈≈≈≈≈≈≈≈≈≈≈≈
≈≈≈≈≈≈≈≈≈≈≈≈≈≈≈≈≈≈≈≈≈≈≈
≈≈≈≈≈≈≈≈≈≈≈≈≈≈≈≈≈≈≈≈≈≈≈
≈≈≈≈≈≈≈≈≈≈≈≈≈≈≈≈≈≈≈≈≈≈
≈≈≈≈≈≈≈≈≈≈≈≈≈≈≈≈≈≈≈≈≈
####~~~~~~~~~)~####
+..o@....∩...).)..+
#..######.######..###
#....#...#...#.[[#....#
#....#...#...#.[[#.)).#
#+#+##+###8.8###+##'#'#
#...# #..#.~ #8.8#
#).#.~ #...# #).#.~
#...# #).#.~


You could see an orc knight.

Vanquished Creatures
  An orc knight (Bailey)
  2 water moccasins
  9 orc warriors
  A hornet zombie (D:7)
  A sky beast (D:7)
  A black bear (D:6)
  An ice beast (D:7)
  A centaur (D:8)
  A phantom (D:5)
  A gnoll sergeant (D:7)
  A necrophage (D:8)
  A bullfrog (D:7)
  A wyvern zombie (D:7)
  4 scorpions
  A water moccasin zombie (D:7)
  12 wights (D:7)
  8 killer bees
  4 howler monkeys (D:8)
  A centaur zombie (D:7)
  4 jellies
  2 orc priests
  3 hounds
  Jessica (D:3)
  3 iguanas
  7 orc wizards
  2 mummies (Ossuary)
  A howler monkey zombie (D:7)
  8 gnolls
  4 adders
  An ufetubus (D:6)
  2 worms
  2 dart slugs
  32 orcs
  6 ball pythons
  3 endoplasms
  3 giant cockroaches
  8 goblins
  6 hobgoblins
  5 jackals
  8 kobolds
  A quokka (D:1)
  2 bats
  2 frilled lizards
  4 gnoll zombies (Ossuary)
  3 goblin zombies (Ossuary)
  5 hobgoblin zombies (Ossuary)
  2 orc zombies (Ossuary)
  3 rats
185 creatures vanquished.

Vanquished Creatures (others)
  7 withered plants (D:7)
7 creatures vanquished.

Grand Total: 192 creatures vanquished

Notes
Turn   | Place    | Note
-------+----------+-------------------------------------------
     0 | D:1      | NinjaNoafa the Hill Orc Monk began the quest for the Orb.
     0 | D:1      | Reached XP level 1. HP: 19/19 MP: 1/1
   285 | D:1      | Reached XP level 2. HP: 23/27 MP: 2/2
   396 | D:1      | Reached skill level 1 in Armour
   901 | D:2      | Reached XP level 3. HP: 32/33 MP: 3/3
  1623 | D:3      | Noticed Jessica
  1654 | D:3      | Killed Jessica
  1655 | D:3      | Reached skill level 5 in Axes
  1655 | D:3      | Reached XP level 4. HP: 15/41 MP: 4/4
  2427 | D:4      | Reached XP level 5. HP: 25/47 MP: 5/5
  2432 | D:4      | Reached skill level 5 in Fighting
  2625 | D:4      | Found a radiant altar of Vehumet.
  2708 | D:4      | Found a broken altar of Ashenzari.
  2740 | D:4      | Reached skill level 6 in Axes
  2740 | D:4      | Reached XP level 6. HP: 56/56 MP: 6/6
  2981 | D:4      | Reached XP level 7. HP: 58/63 MP: 7/7
  3074 | D:4      | Found a glowing silver altar of Zin.
  3074 | D:4      | Found a basalt altar of Yredelemnul.
  3472 | D:4      | Reached skill level 7 in Axes
  3675 | D:5      | Entered Level 5 of the Dungeon
  3884 | D:5      | Reached skill level 5 in Armour
  4802 | D:6      | Reached skill level 8 in Axes
  4886 | D:6      | Reached XP level 8. HP: 70/70 MP: 8/8
  4895 | D:6      | Found Nobuyffic's Book Emporium.
  5364 | D:6      | Reached skill level 9 in Axes
  5736 | D:6      | Found a staircase to the Ecumenical Temple.
  5745 | Temple   | Entered the Ecumenical Temple
  5933 | Temple   | Became a worshipper of Warmaster Okawaru
  5933 | Temple   | Reached * piety under Okawaru
  5933 | Temple   | Reached ** piety under Okawaru
  6257 | D:7      | Reached skill level 10 in Axes
  6261 | D:7      | Reached skill level 1 in Throwing
  6261 | D:7      | Reached skill level 1 in Invocations
  6261 | D:7      | Reached skill level 1 in Evocations
  6433 | D:7      | Reached XP level 9. HP: 71/75 MP: 10/10
  6491 | D:7      | Reached *** piety under Okawaru
  7074 | D:7      | Reached skill level 5 in Invocations
  7500 | D:8      | Found a runed translucent door.
  7500 | D:8      | Noticed SirDiesAlot's ghost (novice DgSu)
  7533 | D:8      | Found a sand-covered staircase.
  7539 | D:8      | Reached **** piety under Okawaru
  7556 | Ossuary  | Entered an ossuary
  7669 | D:8      | Reached skill level 5 in Evocations
  7937 | D:8      | Reached skill level 5 in Throwing
  7987 | D:8      | Reached XP level 10. HP: 74/83 MP: 12/14
  7987 | D:8      | Found a flagged portal.
  7994 | Bailey   | Entered a bailey
  8071 | Bailey   | Noticed an orc knight
  8084 | Bailey   | Killed an orc knight
  8237 | Bailey   | Reached skill level 11 in Axes
  8502 | Bailey   | Noticed an orc knight
  8521 | Bailey   | Slain by an orc knight

Illustrated notes

Levels and vault maps discovered:
D:1:      ebering_trefoil_3fold, layout_basic, minmay_misc_feat_diagonals,
          nicolae_wormholes
D:2:      layout_basic, minmay_box_of_dots
D:3:      layout_loops_ring, uniq_jessica
D:4:      layout_basic, lemuel_tele_altar, nicolae_overflow_hidden_temple,
          gammafunk_temple_overflow_pools, serial_curves, eino_curves_03,
          eino_curves_01, kennysheep_cluttered_room, kennysheep_minor_cross
D:5:      layout_loops_ring, amethyst_killhole, minmay_crystal_room,
          grunt_decor_resistance, kennysheep_nondescript
D:6:      layout_basic, lemuel_temple_firewalk_b, serial_shops, kennysheep_mini
D:7:      layout_basic, serial_undead, serial_undead_b, serial_undead_e,
          serial_undead_c, serial_undead_d
D:8:      layout_basic, ebering_ghost_reflecting_pool, enter_bailey_4,
          chequers_ossuary_entry_cave
Temple:   eino_narrow_crystal_temple
Bailey:   bailey_axe_of_yendor_kennysheep, bailey

Skill      XL: |  1  2  3  4  5  6  7  8  9 10 |
---------------+-------------------------------+-----
Armour         | 1 2 3 4 5 6 |  6.1
Fighting       | 4 5 6 |  6.1
Axes           | 5 6 8 10 11 | 11.1
Dodging        | 4 |  4.0
Throwing       | 1 5 |  5.0
Invocations    | 2 5 7 |  7.3
Evocations     | 1 5 |  5.0
Stealth        | |  1.5

Action                   |  1- 3 |  4- 6 |  7- 9 | 10-12 || total
-------------------------+-------+-------+-------+-------++-------
Melee: Hand axe          |   141 |   153 |   199 |       ||   493
       Punch             |       |     1 |     4 |       ||     5
       Dire flail        |       |       |    24 |       ||    24
       Battleaxe         |       |       |   172 |    57 ||   229
Throw: Dart              |       |     7 |     4 |       ||    11
       Stone             |       |     2 |       |       ||     2
       Boomerang         |       |       |    14 |    11 ||    25
Invok: Heroism           |       |       |       |     1 ||     1
Evoke: Wand              |       |       |     2 |     5 ||     7
  Use: Potion            |     2 |     4 |     1 |     2 ||     9
       Scroll            |       |       |    11 |       ||    11
Armor: Leather armour    |    18 |       |       |       ||    18
       Robe              |     1 |       |       |       ||     1
       Ring mail         |    29 |    58 |   202 |    16 ||   305
       Scale mail        |    32 |    52 |       |       ||    84
Dodge: Dodged            |    83 |   110 |   227 |    28 ||   448
Block: Other             |       |       |    77 |    14 ||    91
       Reflection        |       |       |     1 |       ||     1

Table legend: (Time is in decaauts)
 A = Elapsed time spent in this place.
 B = Non-inter-level travel time spent in this place.
 C = Inter-level travel time spent in this place.
 D = Time resting spent in this place.
 E = Time spent auto-exploring this place.
 F = Levels seen in this place.
 G = Mean time per level.
                   A        B        C        D        E       F      G
               +--------+--------+--------+--------+--------+-----+--------+
         Total |   8581 |   8189 |    392 |     20 |   6182 |  11 |  780.1 |
       Dungeon |   7722 |   7348 |    374 |     20 |   5532 |   8 |  965.2 |
        Temple |    194 |    176 |     18 |      0 |    165 |   1 |  194.0 |
       Ossuary |    106 |    106 |      0 |      0 |     47 |   1 |  106.0 |
        Bailey |    558 |    558 |      0 |      0 |    438 |   1 |  558.0 |
               +--------+--------+--------+--------+--------+-----+--------+

Top non-repeatable levels by time:
     D:7: 1423 daAuts
     D:6: 1408 daAuts
     D:4: 1178 daAuts
     D:3: 946 daAuts
     D:1: 848 daAuts
     D:5: 779 daAuts
     D:2: 713 daAuts
  Bailey: 558 daAuts
     D:8: 424 daAuts
  Temple: 194 daAuts
 Ossuary: 106 daAuts
